 Dungeon Crawl Stone Soup version 0.17.1-2-g5865329 (webtiles) character file.

10047 Moresty the Basher (level 11, 0/104 HPs)
             Began as a Minotaur Berserker on Jan 15, 2016.
             Was a High Priest of Trog.
             Splashed by a brown ugly thing's acid (6 damage)
             ... on level 10 of the Dungeon.
             The game lasted 00:22:07 (10399 turns).

Moresty the Basher (Minotaur Berserker)            Turns: 10399, Time: 00:22:07

Health: 0/104      AC:  7    Str: 24    XL:     11   Next: 31%
Magic:  10/10      EV:  9    Int:  4    God:    Trog [*****.]
Gold:   379        SH:  0    Dex: 11    Spells: 0 memorised, 10 levels left

rFire  . . .     SeeInvis .     P - +6 great mace (holy)
rCold  . . .     Clarity  .     t - +0 chain mail
rNeg   + . .     SustAt   .     (shield currently unavailable)
rPois  +         Gourm    .     (helmet restricted)
rElec  .         Spirit   .     u - +2 cloak
rCorr  .         Warding  .     (no gloves)
rMut   +         Stasis   .     (no boots)
MR     .....                    L - amulet of resist mutation
Stlth  ..........               V - ring of positive energy
                                S - ring of poison resistance

@: exhausted, corroded equipment, slowed, very slow, not resistant to hostile
enchantments, extremely unstealthy
A: retaliatory headbutt, horns 2
a: Berserk, Trog's Hand, Brothers in Arms, Burn Spellbooks, Renounce Religion


You were on level 10 of the Dungeon.
You worshipped Trog.
Trog was extremely pleased with you.
You were very hungry.

You visited 1 branch of the dungeon, and saw 10 of its levels.

You collected 418 gold pieces.
You spent 39 gold pieces at shops.

Inventory:

Hand Weapons
 a - a +0 mace
 e - a +2 flail of crushing
 o - a +0 whip
 P - a +6 great mace of holy wrath (weapon)
Armour
 b - a +0 animal skin
 m - a +2 ring mail of fire resistance
 t - a +0 chain mail (worn)
 u - a +2 cloak (worn)
 C - the cursed +0 robe of Mumblety Peg {Stlth+, unknown}
   (You found it on level 5 of the Dungeon)

   It makes you more stealthy.
   It has a curse placed upon it.
 X - a +0 cloak
Jewellery
 v - an uncursed ring of teleportation
 L - an amulet of resist mutation (around neck)
 N - an uncursed ring of magical power
 S - a ring of poison resistance (left hand)
 V - a ring of positive energy (right hand)
Wands
 y - a wand of draining (8)
 E - a wand of cold (5)
 F - a wand of random effects (26)
 J - a wand of confusion (28)
 K - a wand of confusion (26)
 Q - a wand of teleportation (2)
 R - a wand of digging (9)
 T - a wand of lightning (6)
 U - a wand of digging (12)
 Z - a wand of enslavement (23)
Scrolls
 f - 6 scrolls of identify
 g - 2 scrolls of noise {unknown}
 l - 2 scrolls of fear {unknown}
 n - a scroll of blinking {unknown}
 p - 4 scrolls of remove curse
 x - 5 scrolls of enchant weapon
 A - 2 scrolls of teleportation
 D - 3 scrolls of recharging {unknown}
 O - 2 scrolls of immolation {unknown}
Potions
 d - a potion of brilliance {unknown}
 h - a potion of curing
 j - 2 potions of degeneration
 k - 2 potions of haste {unknown}
 q - a potion of magic {unknown}
 s - 4 potions of lignification {unknown}
 w - 2 potions of cure mutation {unknown}
 B - 2 potions of might {unknown}
 G - a potion of flight {unknown}
 I - 2 potions of resistance {unknown}
 M - a potion of heal wounds
 W - a potion of cancellation {unknown}
Comestibles
 c - 5 bread rations
 i - 4 beef jerkies
 r - a meat ration
 z - 5 fruits
 H - 10 royal jellies
 Y - 5 chunks of flesh


   Skills:
 + Level 11.7 Fighting
 - Level 14.2 Maces & Flails
 + Level 11.1 Armour
 - Level 2.1 Dodging


You had 10 spell levels left.
You didn't know any spells.

Dungeon Overview and Level Annotations

Branches:
Dungeon (10/15)            Temple (0/1) D:6            Lair (0/8) D:10
    Orc: D:9-12

Altars:
Ashenzari
Elyvilon
Okawaru
Yredelemnul

Shops:
D:6 :   D:10 ?

Portals:
Trove: D:10 (give 15 scrolls of teleportation)


Innate Abilities, Weirdness & Mutations

You reflexively headbutt those who attack you in melee.
You have a pair of horns on your head.


Message History

The brown ugly thing headbutts you.
* * * LOW HITPOINT WARNING * * *
You are splashed with acid!
The acid corrodes you!
The acid burns!
* * * LOW HITPOINT WARNING * * *
There isn't anything here!
Your ogre goes berserk!
You feel somewhat more hungry. The brown ugly thing headbutts you.
* * * LOW HITPOINT WARNING * * *
You are splashed with acid!
The acid burns!
* * * LOW HITPOINT WARNING * * *
The brown ugly thing kicks your ogre but does no damage.
You feel better.
The brown ugly thing headbutts you but does no damage.
The brown ugly thing kicks your ogre!
Your ogre is splashed with acid.
The acid corrodes your ogre!
Your ogre closely misses the brown ugly thing.
The brown ugly thing headbutts you.
* * * LOW HITPOINT WARNING * * *
You are splashed with acid!
The acid corrodes you!
The acid burns!
You die...

##.#.#....#........##.##÷.#.#
###.#....'.....#####.#...#.#
#.#....#####.....#.#..##.#
#.#....# #..##.#.#......
#.#....#####...#.#.#.####.
#.#..............#........
#.#####..........###.####.
#.......O........#........
###....uu@.......#'#.####. c
#.##########............ .≈
#.# #÷##'##.....∩ .≈≈#### #.#
####.#...##....# ....≈≈≈###.#
#....#.∩.#'..... ≈.......##.#
#....#...##..... ≈≈......#..#
#....#####...... ≈≈......†..#
#.....#.####.... ≈≈.....≈#.##
#.....#.####....


You could see 2 ugly things and a friendly ogre (berserk).

Vanquished Creatures
  Erolcha (D:8)
  Pikel (D:6)
  2 ugly things (D:10)
  2 gargoyles
  A two-headed ogre (D:5)
  13 yaks
  A wraith (D:10)
  Eustachio (D:4)
  3 deep elf fighters (D:8)
  2 hippogriffs
  An ice beast (D:9)
  A phantom (D:9)
  A spider (D:8)
  A soldier ant (D:8)
  2 wasps
  A necrophage (D:10)
  3 centaurs
  5 ogres
  3 orc warriors
  A sky beast (D:7)
  2 gnoll sergeants (D:6)
  7 giant frogs
  5 scorpions
  3 killer bees (D:8)
  7 wights
  A crimson imp (D:5)
  2 giant frog zombies
  A wasp zombie (D:5)
  A giant frog skeleton (D:4)
  A quasit (D:6)
  4 orc priests
  3 hounds
  2 centaur skeletons
  A jelly (D:6)
  Jessica (D:3)
  3 iguanas
  7 worker ants
  Terence (D:2)
  9 orc wizards
  2 hound skeletons (D:9)
  3 gnolls (D:6)
  6 adders
  3 shadow imps
  An ooze (D:2)
  6 worms
  28 orcs
  2 ball pythons
  8 giant cockroaches
  6 goblins
  9 hobgoblins
  14 jackals
  8 kobolds
  A quokka (D:7)
  11 bats
  5 giant geckos
  2 giant newts
  A quokka zombie (D:10)
  7 rats
230 creatures vanquished.

Vanquished Creatures (others)
  4 slaves (D:6)
  3 gnolls (D:6)
7 creatures vanquished.

Grand Total: 237 creatures vanquished

Notes
Turn   | Place    | Note
--------------------------------------------------------------
     0 | D:1      | Moresty the Minotaur Berserker began the quest for the Orb.
     0 | D:1      | Reached XP level 1. HP: 19/19 MP: 0/0
    90 | D:1      | Reached skill level 4 in Maces & Flails
   151 | D:1      | Reached XP level 2. HP: 10/26 MP: 1/1
   581 | D:1      | Reached ** piety under Trog
   811 | D:1      | Reached skill level 5 in Maces & Flails
  1183 | D:1      | Reached XP level 3. HP: 26/31 MP: 2/2
  1730 | D:2      | Reached skill level 6 in Maces & Flails
  1730 | D:2      | Reached XP level 4. HP: 37/39 MP: 3/3
  1992 | D:2      | Noticed Terence
  2002 | D:2      | Killed Terence
  2197 | D:3      | Noticed a centaur
  2456 | D:3      | Killed a centaur
  2456 | D:3      | Reached skill level 7 in Maces & Flails
  2456 | D:3      | Reached XP level 5. HP: 45/45 MP: 4/4
  2671 | D:3      | Reached *** piety under Trog
  2689 | D:3      | Reached skill level 8 in Maces & Flails
  2696 | D:3      | Reached XP level 6. HP: 32/51 MP: 5/5
  3171 | D:3      | Noticed Jessica
  3176 | D:3      | Killed Jessica
  3394 | D:4      | Noticed Eustachio
  3406 | D:4      | Killed Eustachio
  3406 | D:4      | Reached skill level 9 in Maces & Flails
  3613 | D:4      | Reached XP level 7. HP: 51/57 MP: 6/6
  3904 | D:5      | Entered Level 5 of the Dungeon
  4095 | D:5      | Reached skill level 10 in Maces & Flails
  4099 | D:5      | Noticed a two-headed ogre
  4103 | D:5      | Killed a two-headed ogre
  4472 | D:5      | Reached skill level 11 in Maces & Flails
  4877 | D:5      | Got a shimmering robe
  4921 | D:6      | Reached XP level 8. HP: 53/64 MP: 7/7
  4975 | D:6      | Reached skill level 12 in Maces & Flails
  5222 | D:6      | Noticed Pikel
  5235 | D:6      | Reached **** piety under Trog
  5244 | D:6      | Killed Pikel
  5244 | D:6      | Reached skill level 13 in Maces & Flails
  5247 | D:6      | Reached XP level 9. HP: 70/70 MP: 8/8
  5248 | D:6      | Reached skill level 14 in Maces & Flails
  5299 | D:6      | Found a staircase to the Ecumenical Temple.
  6270 | D:6      | Found Sesoofej's Book Emporium.
  6469 | D:7      | Found a shattered altar of Ashenzari.
  6488 | D:7      | Reached skill level 5 in Fighting
  6754 | D:7      | Reached skill level 5 in Armour
  6956 | D:7      | Found a basalt altar of Yredelemnul.
  7238 | D:7      | Reached ***** piety under Trog
  7712 | D:8      | Noticed Erolcha
  7721 | D:8      | Killed Erolcha
  7721 | D:8      | Reached XP level 10. HP: 88/88 MP: 9/9
  7833 | D:8      | Received a gift from Trog
  7898 | D:8      | Found an iron altar of Okawaru.
  8485 | D:9      | Reached skill level 10 in Fighting
  8817 | D:9      | Reached skill level 10 in Armour
  8858 | D:9      | Found a basalt altar of Yredelemnul.
  8937 | D:9      | Found a white marble altar of Elyvilon.
  9239 | D:10     | Entered Level 10 of the Dungeon
  9291 | D:10     | Reached XP level 11. HP: 85/101 MP: 10/10
  9873 | D:10     | Found a portal to a secret trove of treasure.
  9880 | D:10     | Found Gefogg's Magic Scroll Shoppe.
  9888 | D:10     | Bought a scroll of teleportation for 39 gold pieces
 10167 | D:10     | Found a staircase to the Lair.
 10362 | D:10     | Noticed a white ugly thing
 10363 | D:10     | Noticed a green ugly thing
 10364 | D:10     | Noticed a cyan ugly thing
 10365 | D:10     | Noticed a cyan ugly thing
 10372 | D:10     | Killed a white ugly thing
 10388 | D:10     | Killed a cyan ugly thing
 10398 | D:10     | HP: 1/104 [acid (8)]
 10399 | D:10     | Splashed by a brown ugly thing's acid

Action                   |  1- 3 |  4- 6 |  7- 9 | 10-12 || total
-------------------------+-------+-------+-------+-------++-------
Melee: Mace              |    81 |   120 |   128 |       ||   329
       Flail             |       |       |   118 |     7 ||   125
       Great mace        |       |       |       |   167 ||   167
Invok: Berserk           |       |     3 |     5 |     4 ||    12
       Burn Spellbooks   |       |       |     2 |       ||     2
       Brothers in Arms  |       |       |       |     1 ||     1
Evoke: Wand              |       |       |       |     1 ||     1
  Use: Potion            |       |     1 |     1 |     3 ||     5
       Scroll            |       |       |     3 |     6 ||     9
  Eat: Chunk             |     3 |     6 |    11 |    12 ||    32
       Bread ration      |       |       |     2 |       ||     2
